 Dungeon Crawl Stone Soup version 0.19.4 (webtiles) character file.

642821 esteth the Evocator (level 27, -10/285 HPs)
             Began as a Deep Dwarf Fighter on Feb 3, 2017.
             Was a High Priest of Makhleb.
             Mangled by an Orb Guardian (21 damage)
             ... on level 5 of the Realm of Zot on Feb 5, 2017.
             The game lasted 03:31:50 (50556 turns).

esteth the Evocator (Deep Dwarf Fighter)           Turns: 50556, Time: 03:31:50

Health: -10/285    AC: 46    Str: 24 (25) XL:     27
Magic:  11/11      EV: 18    Int: 11 (12) God:    Makhleb [*****.]
Gold:   1750       SH: 11    Dex: 26 (28) Spells: 0 memorised, 26 levels left

rFire  + . .     SeeInvis .     T - +5 war axe of the Goat {vamp, rPois rC+}
rCold  + . .     Gourm    .     o - +7 crystal plate armour
rNeg   + + .     Faith    .     M - +3 buckler
rPois  +         Spirit   .     (helmet restricted)
rElec  .         Reflect  .     b - +2 cloak {rF+}
rCorr  +         Harm     .     W - +2 pair of gloves {Dex+3}
MR     ++++.     Rnd*Rage +     N - +0 pair of boots of Pedgheb {rPois rCorr Dex+3}
Stlth  ..........               R - amulet of Amorality {Regen+ Dex+5}
                                Y - ring of positive energy
                                a - +5 ring of slaying

@: exhausted, very slightly contaminated, non-regenerating, hasted and slowed
A: damage resistance, recharge devices, antennae 1, rugged brown scales 1,
yellow scales 1, berserk 1, blurry vision 1, deterioration 1, low mp 1, negative
energy resistance 1, sense surroundings 3, screaming 1, slow regeneration 3
a: Device Recharging, Minor Destruction, Lesser Servant of Makhleb, Major
Destruction, Greater Servant of Makhleb, Renounce Religion
0: Orb of Zot
}: 3/15 runes: decaying, serpentine, silver


You were on level 5 of the Realm of Zot.
You worshipped Makhleb.
Makhleb was extremely pleased with you.
You were very hungry.

You visited 11 branches of the dungeon, and saw 50 of its levels.
You visited 1 bazaar.
You also visited: Sewer, Ice Cave and Volcano.

You collected 6948 gold pieces.
You spent 5198 gold pieces at shops.

Inventory:

Hand Weapons
 s - the +10 war axe of Wiaqabev {flame, rElec rF+ rC+ MR+}
   (You bought it in a shop on level 3 of the Vaults)

   It has been specially enchanted to burn those struck by it, causing extra
   injury to most foes and up to half again as much damage against particularly
   susceptible opponents.
   Big, fiery blades are also staple armaments of hydra-hunters.
   It protects you from fire.
   It protects you from cold.
   It insulates you from electricity.
   It affects your resistance to hostile enchantments.
 K - a +9 executioner's axe of freezing
 T - the +5 war axe of the Goat (weapon) {vamp, rPois rC+}
   (You found it on level 1 of the Lair of Beasts)

   It inflicts no extra harm, but heals its wielder when it wounds a living foe.
   It protects you from cold.
   It protects you from poison.
Armour
 b - a +2 cloak of fire resistance (worn)
 o - a +7 crystal plate armour (worn)
 M - a +3 buckler (worn)
 N - the +0 pair of boots of Pedgheb (worn) {rPois rCorr Dex+3}
   (You found it on level 11 of the Dungeon)

   It affects your dexterity (+3).
   It protects you from poison.
   It protects you from acid and corrosion.
 W - a +2 pair of gloves of dexterity (worn)
Jewellery
 a - a +5 ring of slaying (left hand)
 l - an uncursed ring of protection from magic
 x - a +5 ring of protection
 y - an uncursed ring of flight
 G - an uncursed ring of protection from fire
 I - an uncursed amulet of rage
 R - the amulet of Amorality (around neck) {Regen+ Dex+5}
   (You found it in an ice cave)

   [amulet of regeneration]

   It affects your dexterity (+5).
   It increases your rate of regeneration.
 V - an uncursed ring of protection from cold
 Y - a ring of positive energy (right hand)
Wands
 e - a wand of heal wounds (8/9)
 h - a wand of digging (6/24)
 p - a wand of hasting (5/9)
 z - a wand of teleportation (4/9)
 U - a wand of disintegration (9/24)
Scrolls
 c - 2 scrolls of summoning
 g - 19 scrolls of remove curse
 i - 6 scrolls of fog
 n - 17 scrolls of teleportation
 t - 10 scrolls of magic mapping
 u - a scroll of enchant weapon
 C - 11 scrolls of blinking
 D - 13 scrolls of fear
 F - 12 scrolls of identify
 H - 5 scrolls of recharging
 Q - 2 scrolls of holy word
Potions
 d - 6 potions of might
 j - 3 potions of berserk rage
 m - 6 potions of agility
 r - a potion of magic
 w - 4 potions of haste
 J - 17 potions of curing
 L - a potion of resistance
 O - 3 potions of flight
 P - a potion of cancellation
 S - 2 potions of brilliance
Comestibles
 f - 15 bread rations
 k - 9 beef jerkies
 v - 18 fruits
 A - 23 meat rations
 B - 17 royal jellies
 E - 15 slices of pizza


   Skills:
 - Level 22.0 Fighting
 - Level 22.8 Axes
 - Level 19.8 Armour
 - Level 17.2 Dodging
 - Level 10.4 Shields
 - Level 15.7 Invocations
 + Level 24.9 Evocations


You had 26 spell levels left.
You didn't know any spells.

Dungeon Overview and Level Annotations

Branches:
Dungeon (15/15)            Temple (1/1) D:5            Lair (6/6) D:10
  Swamp (4/4) Lair:3        Snake (4/4) Lair:2        Slime (1/5) Lair:5
    Orc (2/2) D:9             Elf (2/3) Orc:2        Vaults (5/5) D:14
  Crypt (0/3) Vaults:2     Depths (5/5) D:15            Zot (5/5) Depths:5

Altars:
Ashenzari
Cheibriados
Dithmenos
Elyvilon
Fedhas
Gozag
Hepliaklqana
Kikubaaqudgha
Makhleb
Nemelex Xobeh
Okawaru
Qazlal
Ru
Trog
Uskayaw
Vehumet
Xom
Yredelemnul
Zin
The Shining One
Jiyva
Lugonu

Shops:
D:4 [   Orc:2 }?(=   Elf:1 }   Elf:2 [[:=   Vaults:2 (   Vaults:3 *==**
Zot:5 *   Depths:3 ?

Portals:
Hell: Depths:1 Depths:2 Depths:3 Depths:4 Depths:5
Abyss: Depths:4
Pandemonium: Depths:1 Depths:3 Depths:4
Ziggurat: Depths:4

Annotations:
D:4 exclusion: orc wizard
Lair:6 1 runed door
Snake:3 exclusion: Roxanne, Roxanne


Innate Abilities, Weirdness & Mutations

You are resistant to damage.
You can recharge devices by infusing magical energy.
You resist negative energy. (rN+)
You passively map a large area around you.
You do not regenerate.
You have a pair of small antennae on your head.
You are partially covered in rugged brown scales. (AC +1, +3% HP)
You are partially covered in yellow scales. (AC +2)
You tend to lose your temper in combat.
Scrolls take you a little longer to read.
Your body sometimes deteriorates upon taking damage.
Your magical capacity is low. (-10% MP)
You occasionally shout uncontrollably at your foes.


Message History

You closely miss the phantasmal warrior.
You slash the wraith! You slash the Orb Guardian! You hit the moth of wrath.
You hit the phantasmal warrior.
You destroy the phantasmal warrior!
The Orb Guardian hits you but does no damage.
The wraith closely misses you. The hungry ghost misses you. Something hits you!
* * * LOW HITPOINT WARNING * * *
Something drains your vigour!
You feel as though you will be slow longer.
The Orb Guardian hits you!!!
* * * LOW HITPOINT WARNING * * *
The moth of wrath closely misses you.
The phantasmal warrior barely misses you.
A demon appears!
You block the Orb Guardian's attack. The orange demon completely misses you.
The phantasmal warrior hits you but does no damage.
You block the wraith's attack. You block something's attack.
The moth of wrath barely misses you. The hungry ghost barely misses you.
The Orb Guardian hits you!!
You die...

# ##................[.##
#* ##................## .#
##.....^........##
##▓▓▓▓################▓▓▓▓
.........# ##...........#
#.......## ##....5....§.##
####...## ##..2W&......##
##...## ##...WWWW2...##
##...## ##..5W4X@{..<##
.⌠..##
##.WWWW{yWW...###### ...##
##...#####y.........# ..##
##...## ##..###.###.#
y.[###.4.## ##...#§...§#.#
.W..#.5.##
##....#§...§#.## .......##
##.)##.#§.∩.§#..# )....§##
##......#§...§#..#
......##
##..###..#§§§§§#..#


You could see Ciaqumor, an Orb Guardian (berserk), a blizzard demon, an orange
demon, 2 moths of wrath, 2 phantasmal warriors, 3 freezing wraiths, 2 hungry
ghosts, 5 wraiths, a crimson imp, a shadow imp and a friendly cacodemon.

Vanquished Creatures
  3 ancient liches
  3 orbs of fire (Zot:5)
  2 curse toes
  Margery (Vaults:3)
  5 Killer Klowns (Zot:5)
  11 golden dragons
  Nikola (Swamp:2)
  A bone dragon (Vaults:2)
  An electric golem (Zot:5)
  Jorgrun (Vaults:3)
  2 liches (Vaults:5)
  12 tentacled monstrosities
  A deep elf blademaster (Elf:2)
  25 Orb Guardians (Zot:5)
  2 titans
  6 quicksilver dragons
  4 acid blobs
  The ghost of Iwannabefree the Impaler, an adept NaAM of Ashenzari (Snake:2)
  9 death cobs
  3 tengu reavers
  5 shadow dragons
  4 sphinxes
  6 draconian monks
  11 storm dragons
  Kirke (Swamp:3)
  Donald (Snake:3)
  A daeva (Depths:3)
  6 nagarajas
  13 fire giants
  The ghost of Azzok the Geomancer, a journeyman DDEE of Makhleb (Lair:5)
  A balrug (Depths:3)
  10 vault wardens
  2 iron dragons (Vaults:5)
  An azure jelly (Slime:1)
  7 frost giants
  A ghost moth (Zot:1)
  4 draconian zealots
  Louise (Snake:2)
  3 draconian knights
  Aizul (Swamp:3)
  An orc warlord (Orc:2)
  A spriggan defender (Depths:1)
  2 draconian shifters
  A draconian annihilator (Zot:3)
  5 draconian scorchers
  10 ironheart preservers
  2 large abominations (Vaults:5)
  9 very ugly things
  11 stone giants
  An entropy weaver (Vaults:1)
  2 war gargoyles (Vaults:5)
  11 green draconians
  A deep elf demonologist (Elf:1)
  12 mottled draconians
  4 draconian callers
  2 deep elf annihilators
  10 red draconians
  8 yellow draconians
  12 white draconians
  10 black draconians
  5 purple draconians
  7 deep elf death magi
  A merfolk javelineer (Depths:5)
  A blizzard demon (Zot:5)
  9 ettins
  13 fire dragons
  2 deep elf high priests (Vaults:5)
  7 great orbs of eyes
  28 vault guards
  19 yaktaur captains
  2 caustic shrike simulacra (Depths:4)
  2 spriggan air magi
  9 ice dragons
  A monstrous demonspawn (Zot:5)
  5 rakshasas
  13 naga warriors
  8 hydras
  10 centaur warriors
  9 anacondas
  2 ghost crabs
  21 ogre magi
  24 dancing weapons
  2 tengu warriors
  6 death yaks (Lair:6)
  8 deep troll shamans
  6 alligators
  6 deep troll earth magi
  A vampire mage (Depths:1)
  An orc high priest (Elf:2)
  6 spriggan berserkers
  8 naga sharpshooters
  Urug (Lair:4)
  5 shock serpents
  A soul eater (Depths:4)
  2 shadow wraiths
  The ghost of dngmouse the Fighter, a novice DrAr of Nemelex Xobeh (D:7)
  A sun demon (Depths:4)
  13 deep elf knights
  3 iron trolls
  3 salamander mystics (Snake:4)
  A titan skeleton (Vaults:4)
  A golden dragon zombie (Depths:3)
  9 hell knights
  3 spriggan druids
  An unseen horror (shapeshifter) (D:14)
  A torturous demonspawn (Depths:3)
  4 unseen horrors
  10 swamp dragons
  A flayed ghost (Depths:1)
  14 deep elf archers
  10 deep trolls
  8 skeletal warriors (Vaults:2)
  5 naga ritualists
  11 wizards
  2 glowing orange brains
  2 shambling mangroves
  9 ironbrand convokers
  9 hill giants
  49 deep elf magi
  13 necromancers
  An iron dragon zombie (Depths:1)
  13 orc knights
  8 harpies (Vaults:2)
  4 phantasmal warriors (Vaults:5)
  A stone giant zombie (Vaults:2)
  A lindwurm (Lair:6)
  A fire giant zombie (Vaults:2)
  2 orc sorcerers (Orc:2)
  4 wolf spiders
  11 mana vipers
  37 ugly things
  4 salamanders
  A shining eye (Slime:1)
  8 cyclopes
  A frost giant zombie (Vaults:2)
  A moth of wrath (shapeshifter) (Vaults:5)
  16 moths of wrath
  A salamander (shapeshifter) (D:9)
  18 elephants
  5 toenail golems (Volcano)
  2 centaur zombies
  2 frost giant skeletons
  15 naga magi
  6 guardian serpents
  16 black mambas
  2 fire giant skeletons (Depths:3)
  2 ice statues (IceCv)
  A rust devil (Depths:3)
  8 vault sentinels
  4 smoke demons
  3 centaur skeletons
  2 stone giant skeletons
  8 torpor snails (Lair:6)
  An orange demon (Zot:5)
  2 gargoyles (D:13)
  20 spiny frogs
  A hellion (Depths:4)
  A kobold demonologist (D:14)
  2 freezing wraiths
  5 rime drakes
  8 komodo dragons
  3 small abominations
  51 yaktaurs
  4 hellwings
  2 human skeletons
  A tengu conjurer (Depths:5)
  A queen bee (D:15)
  3 meliai (D:15)
  A jumping spider (Vaults:1)
  The ghost of Thrillho the Thaumaturge, a novice DECj (D:5)
  8 trolls
  A yaktaur skeleton (Vaults:4)
  2 tengu simulacra (Vaults:2)
  12 hornets
  A polar bear (shapeshifter) (Vaults:4)
  A troll (shapeshifter) (Depths:1)
  A polar bear (Lair:6)
  An elf zombie (Depths:4)
  37 two-headed ogres
  10 tyrant leeches
  37 slime creatures
  A wind drake (shapeshifter) (Vaults:5)
  4 bog bodies
  A meliai zombie (D:13)
  7 dream sheep (Lair:6)
  13 blink frogs
  A stone giant simulacrum (Vaults:2)
  A raiju (shapeshifter) (Depths:1)
  A hippogriff (shapeshifter) (Vaults:4)
  A slime creature (shapeshifter) (Vaults:5)
  2 human simulacra
  A redback (Vaults:1)
  4 hippogriffs
  2 water elementals
  A ynoxinul (Depths:4)
  3 spriggans
  A vampire (D:14)
  A shadow (Swamp:4)
  3 air elementals
  2 ice dragon skeletons (Depths:1)
  4 wyverns
  3 basilisks
  3 hogs (Swamp:3)
  45 yaks
  21 humans (D:14)
  2 fire elementals (Elf:1)
  18 vampire mosquitoes
  A golden eye (shapeshifter) (Vaults:5)
  2 steam dragons
  2 hungry ghosts
  7 wraiths
  An elf skeleton (Depths:4)
  Edmund (D:6)
  4 insubstantial wisps (Swamp:4)
  3 wargs
  3 mottled dragons
  15 swamp worms
  39 nagas
  8 water moccasins
  8 porcupines
  A floating eye (Depths:1)
  32 orc warriors
  A meliai simulacrum (D:15)
  24 ice beasts
  5 sky beasts
  3 black bears
  10 swamp drakes
  An elf simulacrum (Depths:3)
  An eye of draining (shapeshifter) (Vaults:1)
  A black bear (shapeshifter) (Depths:2)
  3 eyes of draining
  A necrophage (D:11)
  A sky beast (shapeshifter) (Depths:1)
  3 boggarts (Vaults:2)
  2 phantoms
  A human zombie (Vaults:2)
  88 ogres
  10 wolves
  19 centaurs
  14 crocodiles
  4 big kobolds
  16 bullfrogs
  4 gnoll sergeants
  2 earth elementals (Elf:1)
  A wyvern zombie (D:14)
  9 scorpions
  25 killer bees
  5 howler monkeys
  4 wights (D:9)
  An electric eel (Lair:3)
  5 crimson imps
  A bullfrog zombie (D:8)
  2 quasits
  5 jellies
  14 orc priests
  4 hounds
  21 orc wizards
  A bullfrog skeleton (D:11)
  2 iguanas
  Terence (D:2)
  13 worker ants
  A hound skeleton (D:5)
  A worker ant zombie (D:8)
  Robin (D:2)
  7 gnolls
  19 adders
  4 river rats (Sewer)
  6 shadow imps
  A white imp (Depths:5)
  2 oozes
  An adder zombie (D:5)
  A worm (D:2)
  5 dart slugs
  11 leopard geckos
  85 orcs
  13 bats
  3 giant cockroaches
  16 goblins
  9 hobgoblins
  11 jackals
  5 quokkas
  6 ball pythons
  2 frilled lizards
  A jackal skeleton (D:6)
  A jackal zombie (D:7)
  38 kobolds
  A leopard gecko skeleton (D:7)
  A quokka skeleton (D:7)
  25 rats
  5 briar patches (Swamp:4)
  2 bushes (Bazaar)
  2 crawling corpses (Elf:1)
  16 fungi
  11 plants
2065 creatures vanquished.

Vanquished Creatures (collateral kills)
  A Killer Klown (Zot:5)
  Vashnia (Snake:4)
  A curse toe (Zot:3)
  A golden dragon (Zot:5)
  An electric golem (Zot:5)
  A tentacled monstrosity (Zot:3)
  An Orb Guardian (Zot:5)
  A thorn hunter (Swamp:4)
  2 nagarajas (Snake:4)
  3 shadow dragons (Vaults:5)
  A draconian knight (Zot:1)
  A draconian zealot (Zot:5)
  An ironheart preserver (Vaults:5)
  A draconian caller (Zot:5)
  A green draconian (Zot:5)
  A stone giant (Depths:5)
  A black draconian (Zot:5)
  A red draconian (Zot:5)
  A yellow draconian (Zot:3)
  A yaktaur captain (Vaults:5)
  15 hydras
  5 naga warriors (Snake:4)
  2 anacondas (Snake:4)
  A vampire mage (Depths:5)
  4 naga sharpshooters
  Sonja (Lair:4)
  3 salamander mystics
  2 swamp dragons (Swamp:4)
  A shambling mangrove (Swamp:4)
  2 naga ritualists (Snake:4)
  3 mana vipers
  An orc sorcerer (Orc:2)
  2 moths of wrath
  6 naga magi
  3 black mambas
  2 guardian serpents (Snake:4)
  A spiny frog (Swamp:2)
  2 yaktaurs (Vaults:5)
  6 hornets (Swamp:4)
  A bog body (Swamp:4)
  A spriggan (Swamp:4)
  2 yaks
  A swamp worm (Swamp:4)
  23 nagas
  A floating eye (shapeshifter) (Vaults:5)
  4 swamp drakes (Swamp:4)
  An orc warrior (Orc:2)
  An iguana (D:10)
  2 briar patches (Swamp:4)
  A plant (D:10)
123 creatures vanquished.

Vanquished Creatures (others)
  A titan (Vaults:5)
  A yellow draconian (Zot:3)
  A vampire knight (Depths:1)
  A mottled draconian (Zot:3)
  An anaconda (Snake:4)
  A tengu warrior (Depths:2)
  A dancing weapon (Elf:2)
  A deep elf knight (Elf:2)
  A phantasmal warrior (Vaults:5)
  An orc knight (Vaults:5)
  A deep elf mage (Elf:2)
  A tengu conjurer (Depths:2)
  An air elemental (Elf:2)
  An orc warrior (Vaults:5)
  An orc wizard (Orc:2)
  5 orcs
  7 fungi
  22 plants
49 creatures vanquished.

Grand Total: 2237 creatures vanquished

Notes
Turn   | Place    | Note
-------+----------+-------------------------------------------
     0 | D:1      | esteth the Deep Dwarf Fighter began the quest for the Orb.
     0 | D:1      | Reached XP level 1. HP: 20/20 MP: 1/1
   148 | D:1      | Reached XP level 2. HP: 27/27 MP: 2/2
   770 | D:2      | Reached XP level 3. HP: 28/33 MP: 3/3
  1024 | D:2      | Noticed Terence
  1052 | D:2      | Killed Terence
  1052 | D:2      | Reached skill level 5 in Axes
  1052 | D:2      | Reached XP level 4. HP: 37/40 MP: 4/4
  1081 | D:2      | Noticed Robin
  1100 | D:2      | Killed Robin
  1432 | D:2      | Reached XP level 5. HP: 37/46 MP: 5/5
  1504 | D:3      | Found a snail-covered altar of Cheibriados.
  1740 | D:3      | Found a glowing drain.
  1769 | Sewer    | Entered a sewer
  2006 | Sewer    | Reached XP level 6. HP: 38/55 MP: 6/6
  3119 | D:4      | Found Igikuq's Armour Shop.
  3281 | D:4      | Reached XP level 7. HP: 47/61 MP: 7/7
  3491 | D:5      | Entered Level 5 of the Dungeon
  3533 | D:5      | Noticed Thrillho's ghost (novice DECj)
  3541 | D:5      | Killed Thrillho's ghost
  3541 | D:5      | Reached skill level 10 in Axes
  3886 | D:5      | Reached XP level 8. HP: 40/68 MP: 8/8
  3956 | D:5      | Found a staircase to the Ecumenical Temple.
  3967 | Temple   | Entered the Ecumenical Temple
  4044 | Temple   | Became a worshipper of Makhleb the Destroyer
  4382 | D:6      | Reached skill level 1 in Evocations
  4383 | D:6      | Reached skill level 2 in Evocations
  4435 | D:6      | Reached skill level 3 in Evocations
  4442 | D:6      | Reached skill level 4 in Evocations
  4502 | D:6      | Noticed Edmund
  4527 | D:6      | Killed Edmund
  4527 | D:6      | Reached skill level 5 in Evocations
  4803 | D:6      | Reached * piety under Makhleb
  5195 | D:7      | Noticed dngmouse's ghost (novice DrAr)
  5231 | D:7      | Killed dngmouse's ghost
  5231 | D:7      | Gained mutation: You passively map the area around you. [Deep Dwarf growth]
  5231 | D:7      | Reached XP level 9. HP: 52/79 MP: 13/13
  5989 | D:8      | Found a glowing silver altar of Zin.
  6341 | D:8      | Reached ** piety under Makhleb
  6645 | D:8      | Found an opulent altar of Gozag.
  6758 | D:9      | Found a staircase to the Orcish Mines.
  6758 | D:9      | Noticed a troll
  6906 | D:8      | Reached XP level 10. HP: 74/87 MP: 13/13
  7295 | D:9      | Found a bloodstained altar of Trog.
  7437 | D:9      | Found a snail-covered altar of Cheibriados.
  7528 | D:9      | Found a basalt altar of Yredelemnul.
  7529 | D:9      | Found a sparkling altar of Nemelex Xobeh.
  7529 | D:9      | Found a blossoming altar of Fedhas.
  7538 | D:9      | Reached *** piety under Makhleb
  7545 | D:9      | Reached skill level 15 in Axes
  7554 | D:9      | Found a hide-covered altar of Uskayaw.
  7554 | D:9      | Found a shadowy altar of Dithmenos.
  7555 | D:9      | Found a shattered altar of Ashenzari.
  7792 | D:9      | Found a sacrificial altar of Ru.
  7949 | D:9      | Noticed a fire crab
  7967 | D:9      | Noticed a salamander
  7977 | D:9      | Killed a salamander
  8065 | Orc:1    | Entered Level 1 of the Orcish Mines
  8087 | Orc:1    | Noticed a stone giant
  8092 | Orc:1    | Noticed a cyclops
  8097 | Orc:1    | HP: 2/87 [stone giant/large rock (29)]
  8363 | D:10     | Entered Level 10 of the Dungeon
  8402 | D:10     | Reached skill level 1 in Invocations
  8423 | D:10     | Found a staircase to the Lair.
  8439 | D:10     | Noticed a hill giant
  8466 | D:10     | Killed a hill giant
  8466 | D:10     | Reached XP level 11. HP: 53/93 MP: 11/11
  8480 | D:10     | Reached skill level 5 in Invocations
  8579 | D:10     | Reached **** piety under Makhleb
  9001 | D:11     | Identified a scroll of acquirement
  9059 | D:11     | Got a pair of faintly glowing boots
  9067 | D:11     | Identified the cursed +0 pair of boots of Pedgheb {rPois rCorr Dex+3} (You found it on level 11 of the Dungeon)
  9077 | D:11     | Reached skill level 6 in Evocations
  9251 | D:11     | Killed an unseen horror
  9251 | D:11     | Reached skill level 7 in Evocations
  9290 | D:11     | Noticed a hill giant
  9299 | D:11     | Killed a hill giant
  9299 | D:11     | Reached skill level 8 in Evocations
  9424 | D:11     | Reached skill level 9 in Evocations
  9721 | D:11     | Found a blossoming altar of Fedhas.
  9979 | Lair:1   | Entered Level 1 of the Lair of Beasts
  9993 | Lair:1   | Noticed a six-headed hydra
 10009 | Lair:1   | Killed a seven-headed hydra
 10055 | Lair:1   | Found a labyrinth entrance.
 10489 | Lair:1   | Got a transparent war axe
 10490 | Lair:1   | Identified the +5 war axe of the Goat {vamp, rPois rC+} (You found it on level 1 of the Lair of Beasts)
 10630 | Lair:1   | Reached skill level 10 in Evocations
 11019 | Lair:2   | Found a staircase to the Snake Pit.
 11128 | Lair:2   | Reached skill level 11 in Evocations
 11128 | Lair:2   | Reached XP level 12. HP: 78/102 MP: 12/12
 11295 | Lair:2   | Noticed a six-headed hydra
 11357 | Lair:2   | Killed a ten-headed hydra
 11525 | Lair:2   | Noticed a five-headed hydra
 11541 | Lair:2   | Killed a 12-headed hydra
 11541 | Lair:2   | Reached skill level 10 in Invocations
 11983 | Lair:3   | Found a burning altar of Makhleb.
 12084 | Lair:3   | Noticed a five-headed hydra
 12098 | Lair:3   | Killed a nine-headed hydra
 12113 | Lair:3   | Found a staircase to the Swamp.
 12271 | Lair:3   | Found a dark tunnel.
 12307 | Volcano  | Entered a volcano
 13005 | Lair:4   | Reached XP level 13. HP: 84/108 MP: 13/13
 13007 | Lair:4   | Reached skill level 15 in Invocations
 13152 | Lair:4   | Reached skill level 1 in Dodging
 13191 | Lair:4   | Noticed Sonja
 13204 | Lair:4   | Killed Sonja
 13367 | Lair:4   | Noticed Urug
 13386 | Lair:4   | Killed Urug
 13433 | Lair:4   | Reached skill level 5 in Dodging
 13561 | Lair:4   | Reached ***** piety under Makhleb
 13660 | Lair:4   | Found a frozen archway.
 13679 | IceCv    | Entered an ice cave
 13811 | IceCv    | Reached skill level 5 in Armour
 13982 | IceCv    | Got a fine pewter amulet
 14048 | IceCv    | Identified the amulet of Amorality {Regen+ Dex+5} (You found it in an ice cave)
 14695 | Lair:5   | Found a runed door.
 14695 | Lair:5   | Found a viscous altar of Jiyva.
 14695 | Lair:5   | Found a staircase to the Slime Pits.
 14695 | Lair:5   | Noticed an acid blob
 14695 | Lair:5   | Noticed an acid blob
 14721 | Lair:5   | Noticed Azzok's ghost (journeyman DDEE)
 14747 | Lair:5   | Killed Azzok's ghost
 14747 | Lair:5   | Reached skill level 10 in Armour
 14747 | Lair:5   | Gained mutation: You resist negative energy. (rN+) [Deep Dwarf growth]
 14747 | Lair:5   | Reached XP level 14. HP: 113/115 MP: 14/14
 14753 | Lair:5   | Reached skill level 5 in Fighting
 15243 | Lair:6   | Entered Level 6 of the Lair of Beasts
 15977 | Lair:6   | Found a runed door.
 16037 | Lair:6   | Reached ****** piety under Makhleb
 16142 | Lair:6   | Gained mutation: Your muscles are strong. (Str +2) [potion of mutation]
 16142 | Lair:6   | Lost mutation: Your muscles are strong. (Str +2) [potion of mutation]
 16351 | Snake:1  | Entered Level 1 of the Snake Pit
 17255 | Snake:2  | Noticed a nagaraja
 17259 | Snake:2  | Killed a nagaraja
 17259 | Snake:2  | Reached skill level 10 in Fighting
 17781 | Snake:2  | Noticed Iwannabefree's ghost (adept NaAM)
 17816 | Snake:2  | Killed Iwannabefree's ghost
 17816 | Snake:2  | Reached XP level 15. HP: 107/138 MP: 15/15
 17960 | Snake:2  | Noticed Louise
 17973 | Snake:2  | Killed Louise
 18098 | Snake:2  | Reached skill level 10 in Dodging
 18328 | Snake:3  | Noticed Roxanne
 18337 | Snake:3  | Noticed Donald
 18338 | Snake:3  | Noticed an Executioner
 18361 | Snake:3  | Killed Donald
 18751 | Snake:3  | Got a twisted chain mail
 18752 | Snake:3  | Identified the cursed +0 chain mail "Wacuoman" {+Inv rElec Str+4 Dex-2} (You found it on level 3 of the Snake Pit)
 19109 | Snake:4  | Entered Level 4 of the Snake Pit
 19362 | Snake:4  | Noticed Vashnia
 19405 | Snake:4  | Killed Vashnia
 19416 | Snake:4  | Reached XP level 16. HP: 144/146 MP: 6/16
 19420 | Snake:4  | Reached skill level 15 in Dodging
 20078 | Snake:4  | Got a serpentine rune of Zot
 20419 | Swamp:1  | Entered Level 1 of the Swamp
 21574 | Swamp:2  | Noticed Nikola
 21612 | Swamp:2  | Killed Nikola
 21908 | Swamp:3  | Noticed Aizul
 21934 | Swamp:3  | Killed Aizul
 22038 | Swamp:3  | Noticed Kirke
 22081 | Swamp:3  | Killed Kirke
 22081 | Swamp:3  | Reached XP level 17. HP: 159/159 MP: 17/17
 22579 | Swamp:4  | Entered Level 4 of the Swamp
 23201 | Swamp:4  | Gained mutation: Your spells are a little easier to cast, but a little less powerful. [a cacodemon]
 23508 | Swamp:4  | Got a decaying rune of Zot
 23975 | Orc:2    | Entered Level 2 of the Orcish Mines
 24197 | Orc:2    | Found a staircase to the Elven Halls.
 24261 | Orc:2    | Found Hoebb's Antique Weapon Emporium.
 24270 | Orc:2    | Found Suynk's Gadget Boutique.
 24270 | Orc:2    | Found Jaane's Magic Scroll Emporium.
 24270 | Orc:2    | Found Deraud's Jewellery Shop.
 24347 | Orc:2    | Bought a scroll of identify for 28 gold pieces
 24347 | Orc:2    | Bought a scroll of teleportation for 42 gold pieces
 24347 | Orc:2    | Bought a scroll of blinking for 105 gold pieces
 25144 | D:12     | Reached skill level 15 in Fighting
 27052 | D:14     | Gained mutation: You passively map a large area around you. [Deep Dwarf growth]
 27052 | D:14     | Reached XP level 18. HP: 181/181 MP: 15/15
 27106 | D:14     | Found a gate to the Vaults.
 27180 | D:15     | Entered Level 15 of the Dungeon
 27371 | D:15     | Found a staircase to the Depths.
 28264 | Vaults:1 | Entered Level 1 of the Vaults
 30372 | Vaults:2 | Found Bulidoj's Weapon Emporium.
 30740 | Vaults:2 | Reached XP level 19. HP: 196/196 MP: 16/16
 30847 | Vaults:2 | Noticed a bone dragon
 30883 | Vaults:2 | Killed a bone dragon
 30923 | Vaults:2 | Found a staircase to the Crypt.
 31389 | Vaults:3 | Found Yhifyipn's General Store.
 31396 | Vaults:3 | Bought the +10 war axe of Wiaqabev {flame, rElec rF+ rC+ MR+} for 899 gold pieces
 31436 | Vaults:3 | Found Caur's Assorted Antiques.
 31449 | Vaults:3 | Found Zouc's Jewellery Shop.
 31606 | Vaults:3 | Noticed Margery
 31623 | Vaults:3 | Killed Margery
 31826 | Vaults:3 | Found Gerublack's Jewellery Emporium.
 32111 | Vaults:3 | Noticed Jorgrun
 32120 | Vaults:3 | Killed Jorgrun
 32130 | Vaults:3 | Found Mihuump's Assorted Antiques.
 32458 | Vaults:3 | Found an iron altar of Okawaru.
 34460 | Elf:1    | Entered Level 1 of the Elven Halls
 34468 | Elf:1    | Noticed a Tzitzimitl
 34514 | Elf:1    | Reached XP level 20. HP: 206/206 MP: 17/17
 34627 | Elf:1    | Reached skill level 12 in Evocations
 34753 | Elf:1    | Reached skill level 13 in Evocations
 34897 | Elf:1    | Found Woquug's Gadget Boutique.
 35352 | Elf:2    | Found Fafucsil's Jewellery Emporium.
 35352 | Elf:2    | Found Woqa's Armour Shoppe.
 35354 | Elf:2    | Found Nytagal's Antique Armour Shoppe.
 35356 | Elf:2    | Found Pauts's Book Emporium.
 35540 | Elf:2    | Reached skill level 14 in Evocations
 35907 | Elf:2    | Found a runed door.
 35927 | Elf:2    | Reached skill level 15 in Evocations
 35930 | Elf:2    | Found a runed door.
 36324 | Elf:2    | Reached skill level 16 in Evocations
 36873 | Depths:1 | Entered Level 1 of the Depths
 36926 | Depths:1 | Reached skill level 17 in Evocations
 37370 | Depths:1 | Found a runed door.
 37441 | Depths:1 | Found a gateway to Hell.
 37559 | Depths:1 | Reached skill level 18 in Evocations
 37594 | Depths:1 | Paralysed by a floating eye for 2 turns
 37920 | Depths:1 | Found a one-way gate leading to the halls of Pandemonium.
 38058 | Depths:1 | Reached XP level 21. HP: 203/214 MP: 20/20
 38479 | Depths:2 | Found a flickering gateway to a bazaar.
 38553 | Bazaar   | Entered a bazaar
 38553 | Bazaar   | Found Fatihet's Food Boutique.
 38553 | Bazaar   | Found Kocuse's Jewellery Shop.
 38553 | Bazaar   | Found Ciud's Book Boutique.
 38553 | Bazaar   | Found Usexori's Gadget Boutique.
 38553 | Bazaar   | Found Cani's Gadget Shop.
 38553 | Bazaar   | Found Soshrur's Food Boutique.
 38630 | Bazaar   | Bought a manual of Armour for 1987 gold pieces
 39044 | Depths:2 | Reached skill level 15 in Armour
 39457 | Depths:3 | Found a glowing golden altar of the Shining One.
 39743 | Depths:3 | Found Cuij Qoa's Magic Scroll Boutique.
 39751 | Depths:3 | Bought a scroll of enchant armour for 112 gold pieces
 40056 | Depths:4 | Found a gateway to a ziggurat.
 40535 | Depths:4 | Found a corrupted altar of Lugonu.
 40535 | Depths:4 | Found a one-way gate to the infinite horrors of the Abyss.
 40685 | Depths:4 | You fall through a shaft!
 40685 | Depths:5 | Entered Level 5 of the Depths
 41212 | Depths:5 | Found a gate to the Realm of Zot.
 41320 | Depths:5 | Noticed a golden dragon
 41339 | Depths:5 | Killed a golden dragon
 41533 | Depths:5 | Reached XP level 22. HP: 219/225 MP: 21/21
 42158 | Vaults:5 | Entered Level 5 of the Vaults
 42168 | Vaults:5 | Reached skill level 5 in Shields
 42234 | Vaults:5 | Noticed a golden dragon
 42253 | Vaults:5 | Reached skill level 10 in Shields
 42256 | Vaults:5 | Noticed a golden dragon
 42257 | Vaults:5 | Killed a golden dragon
 42275 | Vaults:5 | Killed a golden dragon
 42358 | Vaults:5 | Noticed an ancient lich
 42386 | Vaults:5 | Killed an ancient lich
 42509 | Vaults:5 | Got a faintly glowing war axe
 42510 | Vaults:5 | Identified the +6 war axe of Dullness {chop, rElec rC+ rN++ Str-2} (You found it on level 5 of the Vaults)
 42520 | Vaults:5 | Paralysed by a floating eye for 2 turns
 42645 | Vaults:5 | Noticed a golden dragon
 42668 | Vaults:5 | Killed a golden dragon
 42692 | Vaults:5 | Reached XP level 23. HP: 232/232 MP: 21/21
 43265 | Vaults:5 | Found Ekhal's Food Shoppe.
 43281 | Vaults:5 | Bought a bread ration for 50 gold pieces
 43281 | Vaults:5 | Bought a beef jerky for 15 gold pieces
 43281 | Vaults:5 | Bought a meat ration for 50 gold pieces
 43281 | Vaults:5 | Bought a bread ration for 50 gold pieces
 43281 | Vaults:5 | Bought a bread ration for 50 gold pieces
 43281 | Vaults:5 | Bought a slice of pizza for 15 gold pieces
 43281 | Vaults:5 | Bought a beef jerky for 15 gold pieces
 43281 | Vaults:5 | Bought a beef jerky for 15 gold pieces
 43281 | Vaults:5 | Bought a slice of pizza for 15 gold pieces
 43281 | Vaults:5 | Bought a royal jelly for 20 gold pieces
 43281 | Vaults:5 | Bought a meat ration for 50 gold pieces
 43542 | Vaults:5 | Got a silver rune of Zot
 44042 | Slime:1  | Entered Level 1 of the Pits of Slime
 44216 | Slime:1  | Gained mutation: Armour fits poorly on your strangely shaped body. [a shining eye]
 44220 | Slime:1  | Gained mutation: You expend magic power (3 MP) to strengthen your wands. [a shining eye]
 44234 | Slime:1  | Reached XP level 24. HP: 241/241 MP: 21/21
 44246 | Lair:5   | Reached XP level 25. HP: 250/250 MP: 21/21
 44623 | Zot:1    | Entered Level 1 of the Realm of Zot
 44951 | Zot:1    | Lost mutation: Armour fits poorly on your strangely shaped body. [potion of cure mutation]
 44951 | Zot:1    | Lost mutation: You expend magic power (3 MP) to strengthen your wands. [potion of cure mutation]
 44951 | Zot:1    | Lost mutation: Your spells are a little easier to cast, but a little less powerful. [potion of cure mutation]
 46570 | Zot:3    | Reached XP level 26. HP: 229/262 MP: 21/21
 46993 | Zot:3    | Noticed an orb of fire
 47000 | Zot:3    | Gained mutation: You tend to lose your temper in combat. [an orb of fire]
 47341 | Zot:3    | Gained mutation: You have a pair of small antennae on your head. [potion of beneficial mutation]
 48055 | Zot:4    | Got a steaming plate armour
 48119 | Zot:4    | Identified the +4 plate armour "Koluduck" {Dex+3 Stlth+} (You found it on level 4 of the Realm of Zot)
 48384 | Zot:4    | Found a sacrificial altar of Ru.
 48757 | Zot:5    | Entered Level 5 of the Realm of Zot
 48757 | Zot:5    | Found Follec's Changing Room.
 48880 | Zot:5    | Bought a potion of beneficial mutation for 840 gold pieces
 48880 | Zot:5    | Bought a potion of beneficial mutation for 840 gold pieces
 48880 | Zot:5    | Gained mutation: You are partially covered in rugged brown scales. (AC +1, +3% HP) [potion of beneficial mutation]
 48881 | Zot:5    | Gained mutation: You are partially covered in yellow scales. (AC +2) [potion of beneficial mutation]
 49032 | Zot:5    | Reached skill level 19 in Evocations
 49532 | Zot:5    | Reached skill level 20 in Evocations
 49578 | Zot:5    | Paralysed by a Zot trap for 4 turns
 49654 | Zot:5    | Noticed an ancient lich
 49654 | Zot:5    | Noticed an ancient lich
 49658 | Zot:5    | Noticed an orb of fire
 49675 | Zot:5    | Killed an ancient lich
 49680 | Zot:5    | Gained mutation: Scrolls take you a little longer to read. [an orb of fire]
 49689 | Zot:5    | Killed an ancient lich
 49690 | Zot:5    | Killed an orb of fire
 49690 | Zot:5    | Reached skill level 21 in Evocations
 49729 | Zot:5    | Reached XP level 27. HP: 285/285 MP: 15/15
 49840 | Zot:5    | Reached skill level 22 in Evocations
 49947 | Zot:5    | Noticed an orb of fire
 49956 | Zot:5    | Noticed an orb of fire
 49966 | Zot:5    | Gained mutation: Your body sometimes deteriorates upon taking damage. [an orb of fire]
 49977 | Zot:5    | Reached skill level 23 in Evocations
 49981 | Zot:5    | Gained mutation: Your magical capacity is low. (-10% MP) [an orb of fire]
 49984 | Zot:5    | Killed an orb of fire
 49987 | Zot:5    | Gained mutation: You occasionally shout uncontrollably at your foes. [an orb of fire]
 49997 | Zot:5    | Killed an orb of fire
 50031 | Zot:5    | Reached skill level 24 in Evocations
 50398 | Zot:5    | Got the Orb of Zot
 50405 | Zot:5    | Noticed Rasior the pandemonium lord
 50412 | Zot:5    | Noticed Vuteogh the pandemonium lord
 50466 | Zot:5    | Noticed Ciaqumor the pandemonium lord
 50556 | Zot:5    | Mangled by an Orb Guardian

Skill      XL: |  1  2  3  4  5  6  7  8  9 10 11 12 13 14 15 16 17 18 19 20 21 22 23 24 25 26 27 |
---------------+----------------------------------------------------------------------------------+-----
Axes           | 3 5 7 8 10 11 13 16 17 19 21 22 | 22.8
Evocations     | 5 11 18 21 24 | 24.9
Fighting       | 4 10 12 15 18 19 20 22 | 22.0
Invocations    | 4 7 14 15 | 15.7
Dodging        | 5 9 14 17 | 17.2
Armour         | 10 14 19 | 19.8
Shields        | 10 | 10.4

Action                   |  1- 3 |  4- 6 |  7- 9 | 10-12 | 13-15 | 16-18 | 19-21 | 22-24 | 25-27 || total
-------------------------+-------+-------+-------+-------+-------+-------+-------+-------+-------++-------
Melee: War axe           |   121 |   204 |   361 |   678 |  1150 |  2129 |  2318 |   689 |  1621 ||  9271
       Executioner's axe |       |       |       |    93 |       |       |       |       |       ||    93
Invok: Lesser Servant of |       |       |       |     8 |     2 |       |       |       |       ||    10
       Minor Destruction |       |       |       |     2 |       |       |       |       |       ||     2
       Major Destruction |       |       |       |     2 |     2 |     5 |       |       |       ||     9
       Greater Servant o |       |       |       |       |     6 |    14 |     1 |     2 |    13 ||    36
 Abil: Device Recharging |       |       |     1 |    10 |       |     3 |       |     1 |     9 ||    24
       Evoke Flight      |       |       |       |       |     2 |       |       |       |       ||     2
       Stop Flying       |       |       |       |       |     1 |       |       |       |       ||     1
Evoke: Wand              |     1 |       |    10 |    58 |     3 |    12 |     6 |     6 |    30 ||   126
  Use: Scroll            |     8 |     8 |     6 |    11 |     8 |    12 |    14 |    10 |     8 ||    85
       Potion            |     3 |     3 |     6 |     6 |     4 |     2 |       |     5 |    15 ||    44
 Stab: Held in net/web   |       |       |     3 |       |       |       |       |       |       ||     3
       Distracted        |       |       |     1 |     3 |     6 |     9 |     2 |     4 |    16 ||    41
       Sleeping          |       |       |       |     4 |       |     2 |     5 |       |       ||    11
       Confused          |       |       |       |       |       |     2 |       |       |       ||     2
       Invisible         |       |       |       |       |       |     3 |       |       |       ||     3
  Eat: Chunk             |     1 |     7 |    12 |    19 |    17 |    28 |    34 |     4 |    17 ||   139
       Fruit             |       |       |       |     1 |       |     5 |     6 |       |       ||    12
       Bread ration      |       |       |       |     2 |     1 |     2 |       |     2 |     1 ||     8
       Pizza             |       |       |       |       |       |       |     2 |       |       ||     2
Armor: Scale mail        |    60 |    15 |       |    31 |   418 |   668 |       |       |       ||  1192
       Chain mail        |       |   106 |    34 |       |       |     3 |       |       |       ||   143
       Plate armour      |       |       |   152 |   378 |       |       |       |       |       ||   530
       Skin              |       |       |       |       |     1 |       |       |       |       ||     1
       Mottled dragon sc |       |       |       |       |       |   111 |   148 |       |       ||   259
       Crystal plate arm |       |       |       |       |       |       |   641 |   335 |   928 ||  1904
Dodge: Dodged            |    53 |    46 |    46 |   138 |   677 |  2591 |  1364 |   314 |   927 ||  6156
Block: Shield            |    74 |   102 |   161 |   349 |   273 |       |       |       |       ||   959
       Buckler           |       |       |       |       |   260 |  1009 |   795 |   301 |   711 ||  3076
